 Dungeon Crawl Stone Soup version 0.29-a0-418-gc0181ea820 (webtiles) character file.

Game seed: 6120067521028133194

695 xian the Grave Robber (level 7, -1/53 HPs)
             Began as a Minotaur Necromancer on May 17, 2022.
             Slain by Grinder (2 damage)
             ... on level 4 of the Dungeon.
             The game lasted 00:34:35 (8037 turns).

xian the Grave Robber (Minotaur Necromancer)        Turns: 8037, Time: 00:34:36

Health: -1/53      AC:  4    Str: 13    XL:     7   Next: 37%
Magic:  10/10      EV:  9    Int: 14    God:
Gold:   350        SH:  0    Dex: 10    Spells: 7/12 levels left

rFire   . . .      SeeInvis .   m - staff of earth
rCold   . . .      Faith    .   o - orb {guile}
rNeg    . . .      Spirit   .   q - +2 robe
rPois   .          Reflect  .   (helmet restricted)
rElec   .          Harm     +   l - scarf {harm}
rCorr   .          Rampage  .   (no gloves)
Will    .....                   (no boots)
Stlth   ++........              (no amulet)
HPRegen 0.17/turn               (no ring)
MPRegen 0.12/turn               (no ring)

@: constricted
A: horns 2, retaliatory headbutt
a: no special abilities


You were on level 4 of the Dungeon.
You visited 2 branches of the dungeon, and saw 6 of its levels.

You collected 350 gold pieces.

Inventory:

Hand Weapons
 c - a +0 dagger
Armour
 l - a scarf of harm (worn)
 o - an orb of guile (worn)
 q - a +2 robe (worn)
Magical Staves
 h - a staff of poison
 m - a staff of earth (weapon)
Scrolls
 e - 2 scrolls of noise
 k - a scroll of enchant armour {unknown}
 p - a scroll of acquirement {unknown}
 r - 2 scrolls of fog
Potions
 b - a potion of magic
 f - a potion of flight {unknown}
 g - 2 potions of curing {unknown}
 i - a potion of haste {unknown}
 j - a potion of brilliance {unknown}
 n - a potion of heal wounds {unknown}
 s - a potion of mutation {unknown}


   Skills:
 + Level 1.9 Fighting
 + Level 0.6 Short Blades
 + Level 3.1 Staves
 + Level 3.3 Dodging
 + Level 2.4 Stealth
 + Level 3.3 Spellcasting
 + Level 4.7 Necromancy


You had 7 spell levels left.
You knew the following spells:

 Your Spells              Type           Power      Damage    Failure   Level
a - Pain                  Necr           60%        1d7       3%          1
b - Animate Skeleton      Necr           30%        N/A       3%          1
c - Vampiric Draining     Necr           15%        2d7       9%          3

Your spell library contained the following spells:

 Spells                   Type           Power      Damage    Failure   Level
 Sublimation of Blood     Necr           15%        N/A       4%          2
 Magic Dart               Conj           8%         1d3       22%         1
 Animate Dead             Necr           7%         N/A       30%         4
 Call Imp                 Summ           2%         N/A       32%         2
 Wereblood                Tmut           2%         N/A       32%         2
 Conjure Flame            Conj/Fire      2%         6-21      54%         3
 Ignite Poison            Fire/Tmut/Pois 2%         N/A       54%         3
 Mephitic Cloud           Conj/Pois/Air  2%         N/A       54%         3
 Ozocubu's Armour         Ice            2%         N/A       54%         3
 Agony                    Necr           15%        N/A       63%         5
 Sticky Flame             Conj/Fire      2%         2d3       91%         4
 Ozocubu's Refrigeration  Ice            1%         4d5       100%        7
 Summon Hydra             Summ           1%         N/A       100%        7


Dungeon Overview and Level Annotations

Branches:
Dungeon (5/15)             Temple (1/1) D:4

Altars:
Ashenzari
Cheibriados
Dithmenos
Elyvilon
Fedhas
Gozag
Nemelex Xobeh
Okawaru
Qazlal
Ru
Sif Muna
Trog
Uskayaw
Vehumet
Wu Jian
Xom
Zin
The Shining One

Annotations:
D:4 Grinder


Innate Abilities, Weirdness & Mutations

You have a pair of horns on your head.
You reflexively headbutt those who attack you in melee.


Message History

You hit Grinder.
Grinder is severely wounded.
Grinder hits you.
* * * LOW HITPOINT WARNING * * *
You hit Grinder. You headbutt Grinder.
Grinder is almost dead.
Grinder blinks!
Grinder says, "Mostly I couldn't keep them alive."
Grinder blinks!
A goblin is nearby!
You miss the goblin.
The goblin shouts!
The goblin barely misses you. You furiously retaliate!
You headbutt the goblin.
You kill the goblin!
Casting: Animate Skeleton (safe; 3% risk of failure)
Confirm with . or Enter, or press ? or * to list all spells.
You attempt to give life to the dead...
Before your eyes, flesh is ripped from the corpse!
The dead are walking!
Grinder hits you.
* * * LOW HITPOINT WARNING * * *
You closely miss Grinder. Your headbutt misses Grinder.
Grinder is severely wounded.
Grinder hits you but does no damage.
You barely miss Grinder.
Grinder is severely wounded.
The ball python closely misses you. x2; Grinder closely misses you.
You hit Grinder but do no damage.
Grinder is severely wounded.
The ball python closely misses you. The ball python grabs you.
The ball python constricts you. Grinder gestures at you.
Pain shoots through your body!
* * * LOW HITPOINT WARNING * * *
The ball python bites you but does no damage.
The ball python constricts you.
You barely miss Grinder.
Grinder is severely wounded.
Grinder hits you.
You die...

#####.# #.# #........ #...#.# #.#
#####.### #.....# #.# #.# #...###
#.# ##'## #.....# #.# ##...##
#..##.# #.### ##.....# # #..##.##
#.#.## ##.......
####......#######Z...####........
+..............S@5......'........
####......########...####>.......
# #..###.# ###..# ##.......
#...>..# #....# ##.....# ##.#####
#.#### ##...## #.# #.# ##'## #.#
####.## #.# #.#
#.....##########.# #.#
#.##...........#.##


You could see Grinder (ally target), a ball python and a friendly goblin
skeleton.

Vanquished Creatures
  Sigmund (D:4)
  A black bear (D:4)
  A phantom (D:4)
  Blork the orc (D:4)
  A necrophage (D:5)
  An orc priest (D:4)
  An iguana (D:4)
  7 adders
  An ufetubus (D:4)
  5 worms
  5 dart slugs
  3 orcs (D:4)
  9 ball pythons
  7 endoplasms
  5 giant cockroaches
  8 goblins
  10 hobgoblins
  3 jackals (D:2)
  4 quokkas
  6 bats
  5 frilled lizards
  5 kobolds
  8 rats
98 creatures vanquished.

Vanquished Creatures (collateral kills)
  A ball python (D:4)
  A goblin (D:1)
  2 kobolds (D:2)
4 creatures vanquished.

Grand Total: 102 creatures vanquished

Notes
Turn   | Place    | Note
-------+----------+-------------------------------------------
     0 | D:1      | xian the Minotaur Necromancer began the quest for the Orb.
     0 | D:1      | Reached XP level 1. HP: 14/14 MP: 1/1
   116 | D:1      | Reached skill level 3 in Necromancy
   603 | D:1      | Learned a level 1 spell: Animate Skeleton
   652 | D:1      | Reached XP level 2. HP: 20/20 MP: 0/3
  1356 | D:1      | Reached XP level 3. HP: 23/26 MP: 1/4
  2138 | D:2      | Reached XP level 4. HP: 8/33 MP: 2/5
  4137 | D:3      | Found a stormy altar of Qazlal.
  4289 | D:3      | Reached XP level 5. HP: 37/39 MP: 3/7
  4332 | D:3      | Noticed a moth of wrath
  4336 | D:3      | Found a bloodstained altar of Trog.
  5013 | D:4      | Found a staircase to the Ecumenical Temple.
  5035 | Temple   | Entered the Ecumenical Temple
  5675 | D:4      | Noticed a black bear
  5682 | D:4      | Killed a black bear
  5683 | D:4      | Reached skill level 1 in Fighting
  5683 | D:4      | Reached skill level 1 in Staves
  5683 | D:4      | Reached skill level 4 in Necromancy
  5840 | D:4      | Noticed Blork the orc
  5874 | D:5      | Entered Level 5 of the Dungeon
  6168 | D:5      | Reached XP level 6. HP: 4/45 MP: 7/9
  7115 | D:4      | Noticed Sigmund
  7129 | D:4      | Killed Sigmund
  7130 | D:4      | Reached XP level 7. HP: 16/53 MP: 3/10
  7699 | D:4      | Killed Blork the orc
  7921 | D:4      | Noticed Grinder
  7922 | D:4      | Paralysed by Grinder for 5 turns
  7929 | D:4      | Paralysed by Grinder for 5 turns
  7938 | D:4      | Paralysed by Grinder for 4 turns
  7968 | D:4      | Learned a level 3 spell: Vampiric Draining
  8036 | D:4      | HP: 1/53 [Grinder/nerve-wracking pain (10)]
  8037 | D:4      | Slain by Grinder

Illustrated notes

Levels and vault maps discovered:
D:1:      heliophobic_arrival_dark_side_of_the_moon, layout_loops_ring
D:2:      minmay_razor_zed, layout_basic
D:3:      layout_rooms, amcnicky_altar_gilded, tgw_trog, nrook_mini_backslash,
          interstate_on_off
D:4:      layout_loops_corners, yredelemnul_forgotten_temple_becter,
          minmay_temple_entry_junction, uniq_blork_the_orc, uniq_grinder,
          uniq_sigmund
D:5:      layout_cave_pods, overflow_temple_1_default, feat_on_display
Temple:   lightli_temple_of_artemis

Skill      XL: |  1  2  3  4  5  6 |
---------------+-------------------+-----
Necromancy     | 3 4 |  4.7
Stealth        | 2 |  2.4
Spellcasting   | 2 3 |  3.3
Fighting       | 1 |  1.9
Staves         | 1 3 |  3.1
Dodging        | 3 |  3.3
Short Blades   | |  0.6

Action                   |  1- 3 |  4- 6 |  7- 9 || total
-------------------------+-------+-------+-------++-------
Melee: Dagger            |    68 |    37 |       ||   105
       Unarmed           |     6 |       |       ||     6
       Headbutt          |     9 |    29 |     5 ||    43
       Punch             |     2 |       |       ||     2
       Staff             |       |    81 |    30 ||   111
 Cast: Pain              |    33 |    78 |    13 ||   124
       Animate Skeleton  |    15 |    18 |     3 ||    36
  Use: Scroll            |       |     6 |     1 ||     7
Armor: Robe              |    10 |    17 |     4 ||    31
Dodge: Dodged            |    40 |    71 |    17 ||   128

Table legend: (Time is in decaauts)
 A = Elapsed time spent in this place.
 B = Non-inter-level travel time spent in this place.
 C = Inter-level travel time spent in this place.
 D = Time resting spent in this place.
 E = Time spent auto-exploring this place.
 F = Levels seen in this place.
 G = Mean time per level.
                   A        B        C        D        E       F      G
               +--------+--------+--------+--------+--------+-----+--------+
         Total |   8049 |   7973 |     76 |   2292 |   3711 |   6 | 1341.5 |
       Dungeon |   7489 |   7429 |     60 |   2048 |   3666 |   5 | 1497.8 |
        Temple |    559 |    543 |     16 |    244 |     45 |   1 |  559.0 |
               +--------+--------+--------+--------+--------+-----+--------+

Top non-repeatable levels by time:
     D:2: 2376 daAuts
     D:4: 1817 daAuts
     D:1: 1509 daAuts
     D:3: 1124 daAuts
     D:5: 660 daAuts
  Temple: 559 daAuts
